Map: Dusk Towers

Players

BobRoss - Winner!

  • Race: Zerg Zerg
  • League: Diamond

LilDicky

  • Race: Terran Terran
  • League: Diamond

VOD

http://www.twitch.tv/tumescentpie

Description

Time

  • Played on: Dec. 9, 2015, 12:08 p.m.
  • Length: 8:24
Show
View Real Time Build Order
Export as new Build Order

BobRoss Zerg - Winner!

Build Orders: Hatch First 

Get SALT Encoding   

  12  0:00  Drone  
  13  0:12  Overlord  
  13  0:17  Drone  
  14  0:30  Drone  
  14  0:31  Drone  
  16  0:48  Hatchery  
  15  0:52  Drone  
  15  0:56  Drone  
  17  1:10  Spawning Pool  
  16  1:13  Drone  
  16  1:16  Extractor  
  16  1:27  Drone x2  
  16  1:28  Drone  
  19  1:40  Overlord  
  19  1:57  Queen  
  19  1:58  Zergling x2  
  19  2:00  Queen  
  19  2:01  Zergling x2  
  25  2:02  Zergling x2  
  26  2:11  Drone x2  
  28  2:21  Metabolic Boost  
  28  2:22  Drone x2  
  30  2:32  Drone  
  30  2:33  Drone  
  30  2:34  Queen  
  34  2:42  Overlord  
  34  2:54  Drone  
  35  3:01  Drone x2  
  35  3:04  Hatchery  
  36  3:11  Drone  
  36  3:12  Drone x4  
  41  3:22  Extractor  
  41  3:23  Drone x4  
  41  3:24  Extractor  
  41  3:26  Drone  
  44  3:43  Overlord  
  44  3:45  Lair  
  44  3:50  Overlord  
  44  3:54  Roach Warren  
  43  3:57  Evolution Chamber  
  43  3:59  Queen  
  44  4:03  Drone x2  
  44  4:04  Overlord  
  44  4:05  Drone  
  44  4:07  Drone  
  44  4:09  Drone  
  49  4:11  Drone  
  49  4:13  Drone  
  51  4:21  Drone x3  
  51  4:22  Drone  
  55  4:29  Zerg Missile Weapons Level 1  
  55  4:31  Overlord  
  55  4:32  Drone  
  56  4:41  Roach  
  56  4:42  Roach x3  
  61  4:53  Roach x4  
  63  5:16  Roach x7  
  81  5:25  Overlord x3  
  75  5:29  Queen  
  72  5:37  Glial Reconstitution  
  72  5:40  Queen  
  72  5:45  Queen  
  72  5:48  Zergling x14  
  81  6:00  Spore Crawler  
  81  6:03  Spore Crawler, Hydralisk Den  
  78  6:04  Queen  
  78  6:05  Drone x2  
  78  6:06  Drone x2, Extractor  
  78  6:10  Overlord  
  85  6:11  Zergling x4  
  85  6:13  Ravager  
  85  6:14  Ravager x5  
  85  6:16  Ravager  
  94  6:18  Zergling x6  
  94  6:24  Zergling x2  
  94  6:25  Zergling x2  
  98  6:26  Overlord  
  85  6:46  Zergling x22  
  89  6:51  Muscular Augments  
  89  6:53  Drone  
  90  7:04  Ravager, Roach  
  90  7:05  Roach x3  
  99  7:08  Drone  
  80  7:59  Ravager x4  
  80  8:03  Zergling x10  
  80  8:04  Zergling x32  
Show
View Real Time Build Order
Export as new Build Order

LilDicky Terran 

Build Orders: Liberator Opening, Mech 

Get SALT Encoding   

  12  0:01  SCV  
  13  0:13  SCV  
  14  0:18  Supply Depot  
  14  0:25  SCV  
  14  0:27  Refinery  
  15  0:39  SCV  
  16  0:45  Barracks  
  16  0:51  SCV  
  17  1:02  Refinery  
  17  1:04  SCV  
  18  1:16  SCV  
  19  1:32  Marine  
  21  1:33  Supply Depot  
  21  1:35  Orbital Command  
  20  1:42  Factory  
  20  1:50  Marine  
  21  2:03  SCV  
  22  2:10  Barracks Reactor  
  22  2:15  SCV  
  23  2:28  SCV  
  24  2:34  Armory  
  24  2:35  Starport  
  24  2:40  SCV, Supply Depot  
  25  2:51  Marine x2  
  27  2:52  SCV  
  27  2:53  Factory Tech Lab  
  28  3:04  SCV  
  29  3:09  Marine x2  
  31  3:22  Thor  
  31  3:23  Medivac  
  39  3:29  Supply Depot  
  39  3:43  Liberator  
  39  3:50  Marine x2  
  39  3:51  SCV  
  45  4:07  Supply Depot  
  45  4:08  Marine x2  
  47  4:19  SCV, Siege Tank  
  51  4:26  Marine x2  
  53  4:33  Command Center  
  53  4:35  Supply Depot  
  53  4:38  Liberator  
  43  5:37  Marine x2  
  43  5:41  Thor  
  43  5:42  SCV  
  42  5:47  Orbital Command  
  42  5:51  Command Center  
  42  5:56  Marine  
  43  6:00  Starport Tech Lab  
  43  6:01  SCV  
  44  6:07  Marine  
  45  6:13  SCV  
  45  6:14  Marine  
  45  6:16  SCV  
  48  6:25  SCV  
  49  6:28  SCV  
  49  6:30  Marine  
  51  6:33  Factory x2  
  51  6:37  SCV  
  38  6:53  Supply Depot, Marine x2  
  40  6:54  Banshee, Cloaking Field  
  40  6:55  Siege Tank  
  40  6:56  SCV x2  
  48  7:02  Refinery  
  48  7:04  Orbital Command  
  49  7:08  SCV  
  49  7:14  SCV  
  33  7:40  Marine x2  
  33  7:41  Siege Tank  
  33  7:42  Hellion x2  
  34  7:58  Marine x2  
Tags
 
Add a new tag
Caveats
  • Supply blocks, unpowered buildings, or Contaminate may cause inaccurate times.
  • Supply counts are checked every 10 seconds.